 Dungeon Crawl Stone Soup version 0.28-a0-957-g42eb19b844 (webtiles) character file.

Game seed: 10207425487805721761

688 a11behringer the Insei (level 7, 0/53 HPs)
             Began as a Black Draconian Transmuter on Nov 30, 2021.
             Slain by a gnoll (5 damage)
             ... on level 5 of the Dungeon on Dec 1, 2021.
             The game lasted 00:19:55 (5121 turns).

a11behringer the Insei (Black Draconian Transmuter) Turns: 5121, Time: 00:19:56

Health: 0/53       AC:  6    Str: 12    XL:     7   Next: 36%
Magic:  12/12      EV: 12    Int: 15    God:
Gold:   161        SH:  0    Dex: 12    Spells: 10/13 levels left

rFire   . . .      SeeInvis .     - Unarmed
rCold   . . .      Faith    .   (no shield)
rNeg    . . .      Spirit   .   (armour unavailable)
rPois   .          Reflect  .   (helmet currently unavailable)
rElec   +          Harm     .   (no cloak)
rCorr   .          Rampage  .   (no gloves)
Will    .....                   (boots currently unavailable)
Stlth   ++........              (no amulet)
HPRegen 0.17/turn               (no ring)
MPRegen 0.13/turn               (no ring)

@: short of breath, appendages (expiring)
A: horns 2, talons 2, breathe lightning, AC +6, unfitting armour, electricity
resistance, cold-blooded
a: Breathe Lightning, End Transformation


You were on level 5 of the Dungeon.
You had temporarily grown beastly horns and talons.
You visited 1 branch of the dungeon, and saw 5 of its levels.

You collected 161 gold pieces.

Inventory:

Missiles
 j - a throwing net
Scrolls
 b - a scroll of enchant weapon
 c - a scroll of fog
 h - 2 scrolls of magic mapping
 m - 3 scrolls of teleportation
 o - a scroll of amnesia
Potions
 d - a potion of resistance
 e - 2 potions of brilliance
 g - 3 potions of lignification
 k - a potion of might
 n - a potion of cancellation


   Skills:
 + Level 1.6 Fighting
 + Level 3.1 Dodging
 + Level 1.5 Stealth
 + Level 5.8 Unarmed Combat
 + Level 3.8 Spellcasting
 + Level 4.0 Transmutations


You had 10 spell levels left.
You knew the following spells:

 Your Spells              Type           Power      Damage    Failure   Level
a - Beastly Appendage     Tmut           30%        N/A       3%          1
b - Wereblood             Tmut           15%        N/A       5%          2

Your spell library contained the following spells:

 Spells                   Type           Power      Damage    Failure   Level
 Summon Small Mammal      Summ           8%         N/A       19%         1
 Spider Form              Tmut/Pois      8%         N/A       24%         3
 Sublimation of Blood     Necr           2%         N/A       28%         2
 Call Canine Familiar     Summ           2%         N/A       50%         3
 Summon Guardian Golem    Hex/Summ       2%         N/A       50%         3
 Ice Form                 Ice/Tmut       8%         N/A       63%         4
 Summon Hydra             Summ           1%         N/A       100%        7


Dungeon Overview and Level Annotations

Branches:
Dungeon (5/15)
 Temple: D:4-7

Altars:

Shops:
D:1 =(:   D:4 *


Innate Abilities, Weirdness & Mutations

You have temporarily grown beastly horns and talons.
You can breathe wild blasts of lightning.
Your glossy black scales are hard. (AC +6)
You cannot fit into any form of body armour.
You are resistant to electric shocks. (rElec)
You are cold-blooded and may be slowed by cold attacks.


Message History

The gnoll hits you from afar with a +0 spear.
The gnoll hits you from afar with a +0 spear. x2
* * * LOW HITPOINT WARNING * * *
The gnoll closely misses you.
The gnoll hits you from afar with a +0 spear.
* * * LOW HITPOINT WARNING * * *
You feel much better.
The gnoll hits you from afar with a +0 spear. x2
The gnoll misses you.
The gnoll hits you from afar with a +0 spear.
You have got your breath back.
The gnoll misses you.
The gnoll hits you from afar with a +0 spear.
The gnoll barely misses you.
The gnoll hits you from afar with a +0 spear!
You breathe a wild blast of lightning!
The orb of electricity explodes!
The orb of electricity engulfs you! You resist.
* * * LOW HITPOINT WARNING * * *
The orb of electricity explodes!
The orb of electricity engulfs you. You resist.
* * * LOW HITPOINT WARNING * * *
The orb of electricity explodes! x2
The orb of electricity engulfs the gnoll!!
You kill the gnoll!
The gnoll closely misses you. The gnoll misses you.
The gnoll barely misses you.
Your transformation is almost over.
The gnoll hits you but does no damage. The gnoll completely misses you.
You barely miss the gnoll. Your headbutt misses the gnoll.
The gnoll is moderately wounded.
The gnoll hits you with a +0 spear.
* * * LOW HITPOINT WARNING * * *
You hit the gnoll. Your headbutt misses the gnoll.
The gnoll is heavily wounded.
The gnoll hits you but does no damage.
You hit the gnoll but do no damage. You claw the gnoll, but do no damage.
Your headbutt misses the gnoll.
The gnoll is heavily wounded.
The gnoll hits you with a +0 spear.
You die...

...........................##
................##.#..######
...?...............#..#
.###.................#
.>..........)....###
.##......)...†...#
#..............#
#...........g..######
..######....@.......#
######.......######
#................#
..#####........[.#
#####......# ########


You could see a gnoll (fast).

Vanquished Creatures
  A black bear (D:4)
  A necrophage (D:4)
  A phantom (D:4)
  A centaur (D:3)
  A centaur zombie (D:5)
  A hound (D:5)
  A jelly (D:5)
  A gnoll shaman (D:5)
  A hound zombie (D:5)
  2 hound skeletons
  6 gnolls
  4 adders
  An ufetubus (D:5)
  An adder skeleton (D:4)
  A worm (D:3)
  2 dart slugs (D:2)
  4 orcs
  4 ball pythons
  5 bats
  7 endoplasms
  3 giant cockroaches
  7 goblins
  3 hobgoblins (D:1)
  9 jackals
  5 quokkas
  3 frilled lizards
  8 kobolds
  3 rats
87 creatures vanquished.

Notes
Turn   | Place    | Note
-------+----------+-------------------------------------------
     0 | D:1      | a11behringer the Draconian Transmuter began the quest for
                  | the Orb.
     0 | D:1      | Reached XP level 1. HP: 16/16 MP: 3/3
    19 | D:1      | Found Sufoitof's Antique Weapon Shop.
    68 | D:1      | Found Ocwoijov's Jewellery Shoppe.
   216 | D:1      | Reached XP level 2. HP: 22/23 MP: 1/5
   224 | D:1      | Found a faded altar of an unknown god.
  1149 | D:1      | Reached XP level 3. HP: 28/28 MP: 4/6
  1476 | D:1      | Found Wopn's Book Emporium.
  2160 | D:3      | Noticed a centaur
  2175 | D:2      | Reached XP level 4. HP: 13/35 MP: 5/7
  2426 | D:2      | Learned a level 2 spell: Wereblood
  2461 | D:3      | Killed a centaur
  2462 | D:3      | Reached skill level 4 in Unarmed Combat
  2462 | D:3      | Reached XP level 5. HP: 28/40 MP: 7/9
  3696 | D:4      | Noticed a necrophage
  3711 | D:4      | Killed a necrophage
  3712 | D:4      | Reached skill level 1 in Stealth
  3712 | D:4      | Reached XP level 6. HP: 32/47 MP: 9/11
  4038 | D:4      | Found Awacehu's Fire Supplies.
  4333 | D:4      | Reached skill level 5 in Unarmed Combat
  4829 | D:5      | Entered Level 5 of the Dungeon
  4836 | D:5      | Your scales start taking on a glossy black colour.
  4836 | D:5      | Reached XP level 7. HP: 52/52 MP: 10/12
  4836 | D:5      | Gained mutation: You are resistant to electric shocks.
                  | (rElec) [Black Draconian growth]
  5121 | D:5      | Slain by a gnoll

Illustrated notes

Levels and vault maps discovered:
D:1:      minmay_arrival_diagonal_passages, layout_loops_corners, serial_shops,
          nicolae_shop_behind_doors, nicolae_shop_waterfront, shop,
          shapermc_ecumenical_altar_hornbeckon
D:2:      layout_basic
D:3:      layout_basic
D:4:      layout_basic, nicolae_shop_fire_sale [nicolae_sub_dead_trees],
          minmay_misc_feat_five
D:5:      layout_rooms, ebering_ghost_sewer_f

Skill      XL: |  1  2  3  4  5  6  7 |
---------------+----------------------+-----
Dodging        | 2 3 |  3.1
Unarmed Combat | 4 5 |  5.8
Transmutations | 3 4 |  4.0
Spellcasting   | 3 |  3.8
Stealth        | 1 |  1.5
Fighting       | |  1.6

Action                   |  1- 3 |  4- 6 |  7- 9 || total
-------------------------+-------+-------+-------++-------
Melee: Unarmed           |   131 |    98 |    44 ||   273
       Kick              |    21 |    23 |     7 ||    51
       Tailslap          |     7 |    13 |     4 ||    24
       Headbutt          |    11 |    15 |     9 ||    35
       Punch             |     1 |     1 |     1 ||     3
 Cast: Beastly Appendage |    33 |    19 |     6 ||    58
       Wereblood         |       |       |     2 ||     2
 Abil: Breathe Lightning |       |       |     3 ||     3
  Use: Scroll            |       |       |    12 ||    12
       Potion            |       |       |     1 ||     1
 Stab: Sleeping          |     2 |     2 |       ||     4
Armor: Skin              |    53 |    31 |    18 ||   102
Dodge: Dodged            |    97 |    64 |    59 ||   220

Table legend: (Time is in decaauts)
 A = Elapsed time spent in this place.
 B = Non-inter-level travel time spent in this place.
 C = Inter-level travel time spent in this place.
 D = Time resting spent in this place.
 E = Time spent auto-exploring this place.
 F = Levels seen in this place.
 G = Mean time per level.
                   A        B        C        D        E       F      G
               +--------+--------+--------+--------+--------+-----+--------+
         Total |   5115 |   4385 |    730 |    109 |   3552 |   5 | 1023.0 |
       Dungeon |   5115 |   4385 |    730 |    109 |   3552 |   5 | 1023.0 |
               +--------+--------+--------+--------+--------+-----+--------+

Top non-repeatable levels by time:
     D:1: 1587 daAuts
     D:3: 1247 daAuts
     D:4: 1222 daAuts
     D:2: 800 daAuts
     D:5: 257 daAuts
